 Dungeon Crawl Stone Soup version 0.27-a0-1597-ge58577e147 (webtiles) character file.

Game seed: 13440472021786562950

168 Blejac999 the Conjurer (level 5, -2/24 HPs)
             Began as a Vine Stalker Conjurer on July 21, 2021.
             Slain by an iguana (11 damage)
             ... on level 4 of the Dungeon.
             The game lasted 00:07:36 (2946 turns).

Blejac999 the Conjurer (Vine Stalker Conjurer)      Turns: 2946, Time: 00:07:38

Health: -2/24      AC:  2    Str: 10    XL:     5   Next: 49%
Magic:  0/12       EV: 12    Int: 19    God:
Gold:   60         SH:  0    Dex: 12    Spells: 9/12 levels left

rFire    . . .     SeeInvis .   (no weapon)
rCold    . . .     Faith    .   (no shield)
rNeg     . . .     Spirit   +   a - +0 robe
rPois    .         Reflect  .   (no helmet)
rElec    .         Harm     .   (no cloak)
rCorr    .         Rampage  .   (no gloves)
Will     .....                  (no boots)
Stlth    ++........             (no amulet)
HPRegen  1.08/turn              (no ring)
MPRegen  0.13/turn              (no ring)

@: no status effects
A: fangs 2, regeneration 1, magic shield, antimagic bite, no potion heal 2
a: no special abilities


You were on level 4 of the Dungeon.
You visited 1 branch of the dungeon, and saw 4 of its levels.

You collected 60 gold pieces.

Inventory:

Armour
 a - a +0 robe (worn)
Scrolls
 b - 2 scrolls of teleportation
 d - a scroll of brand weapon
Potions
 c - a potion of curing
 e - 2 potions of haste


   Skills:
 + Level 1.7 Dodging
 + Level 3.0 Stealth
 + Level 0.2 Unarmed Combat
 * Level 4.2 Spellcasting
 + Level 5.1 Conjurations


You had 9 spell levels left.
You knew the following spells:

 Your Spells              Type           Power      Damage    Failure   Level
a - Magic Dart            Conj           92%        1d7       1%          1
b - Searing Ray           Conj           46%        3d4       2%          2

Your spell library contained the following spells:

 Spells                   Type           Power      Damage    Failure   Level
 Dazzling Flash           Conj/Hex       26%        N/A       14%         3
 Fulminant Prism          Conj/Hex       6%         3d7       43%         4
 Iskenderun's Mystic Bla  Conj/Tloc      13%        2d5       43%         4


Dungeon Overview and Level Annotations

Branches:
Dungeon (4/15)
 Temple: D:4-7

Altars:


Innate Abilities, Weirdness & Mutations

You have extremely sharp teeth.
Your natural rate of healing is unusually fast.
When hurt, damage is shared between your health and your magic reserves.
Your bite disrupts and absorbs the magic of your enemies.
Potions cannot restore your health.


Message History

Confirm with . or Enter, or press ? or * to list all spells.
Aiming: Magic Dart (safe; 1% risk of failure)
Press: ? - help, Shift-Dir - straight line, f/p - iguana
Aim: an iguana (lightly wounded, 100% to hit)
The magic dart hits the iguana.
The iguana is moderately wounded.
Casting: Magic Dart (safe; 1% risk of failure)
Confirm with . or Enter, or press ? or * to list all spells.
Aiming: Magic Dart (safe; 1% risk of failure)
Press: ? - help, Shift-Dir - straight line, f/p - iguana
Aim: an iguana (moderately wounded, 100% to hit)
The magic dart hits the iguana.
The iguana is moderately wounded.
Casting: Magic Dart (safe; 1% risk of failure)
Confirm with . or Enter, or press ? or * to list all spells.
Aiming: Searing Ray (safe; 2% risk of failure)
Press: ? - help, Shift-Dir - straight line, f/p - iguana
Aim: an iguana (moderately wounded, 81% to hit)
The searing ray hits the iguana.
The iguana is heavily wounded. (Press . to maintain the ray.)
The searing ray misses the iguana.
The searing ray hits the iguana.
The iguana is severely wounded.
Without enough magic to sustain it, your searing ray dissipates.
You hit the iguana but do no damage. You bite the iguana, but do no damage.
The iguana is severely wounded.
The iguana bites you!
You barely miss the iguana.
The iguana is severely wounded.
The iguana bites you!
Casting: Searing Ray (safe; 2% risk of failure)
Confirm with . or Enter, or press ? or * to list all spells.
Aiming: Magic Dart (safe; 1% risk of failure)
Press: ? - help, Shift-Dir - straight line, f/p - iguana
Aim: an iguana (severely wounded, 100% to hit)
The magic dart hits the iguana.
The iguana is severely wounded.
The iguana bites you!
You die...

##............
.............
##>........... .
#.............
..#.............
#...............
#............#
#.....<.....#
#.#.$@l†.....#
#..........#
#....###.)..."
....... ..)...
....... .....#
....... .....
.....#. .....
.......


You could see an iguana.

Vanquished Creatures
  A jelly (D:3)
  4 gnolls (D:3)
  4 adders
  2 worms
  3 dart slugs
  2 endoplasms
  2 giant cockroaches (D:1)
  6 goblins
  7 hobgoblins
  5 quokkas
  6 ball pythons
  3 bats
  6 kobolds
  2 rats
53 creatures vanquished.

Vanquished Creatures (others)
  3 plants (D:3)
3 creatures vanquished.

Grand Total: 56 creatures vanquished

Notes
Turn   | Place    | Note
-------+----------+-------------------------------------------
     0 | D:1      | Blejac999 the Vine Stalker Conjurer began the quest for the
                  | Orb.
     0 | D:1      | Reached XP level 1. HP: 9/9 MP: 4/4
   260 | D:1      | Reached XP level 2. HP: 13/13 MP: 1/6
   525 | D:1      | Learned a level 2 spell: Searing Ray
  1157 | D:2      | Reached XP level 3. HP: 16/16 MP: 4/8
  1716 | D:3      | Gained mutation: Your natural rate of healing is unusually
                  | fast. [Vine Stalker growth]
  1716 | D:3      | Reached XP level 4. HP: 21/21 MP: 7/9
  1851 | D:3      | Reached skill level 5 in Conjurations
  2223 | D:3      | Reached XP level 5. HP: 24/24 MP: 1/11
  2537 | D:3      | Found a faded altar of an unknown god.
  2884 | D:4      | Noticed a black bear
  2946 | D:4      | Slain by an iguana

Illustrated notes

Levels and vault maps discovered:
D:1:      amcnicky_arrival_feature_with_door, layout_basic
D:2:      layout_basic
D:3:      layout_basic, basic_ecumenical_altar, serial_bayou_lagoon_a
D:4:      layout_cave_pools, nicolae_ossuary_entry_monument,
          ebering_ghost_reflecting_pool, serial_shops, nicolae_take_the_stairs,
          corexii_item_surrounded_by_moat

Skill      XL: |  1  2  3  4  5 |
---------------+----------------+-----
Spellcasting   | 3 4 |  4.2
Conjurations   | 5 |  5.1
Stealth        | 3 |  3.0
Dodging        | |  1.7
Unarmed Combat | |  0.2

Action                   |  1- 3 |  4- 6 || total
-------------------------+-------+-------++-------
Melee: Unarmed           |    13 |     5 ||    18
       Bite              |     2 |     2 ||     4
 Cast: Magic Dart        |    66 |    58 ||   124
       Searing Ray       |     3 |     3 ||     6
  Use: Potion            |     3 |     1 ||     4
       Scroll            |     3 |       ||     3
 Stab: Sleeping          |     1 |       ||     1
Armor: Robe              |     4 |       ||     4
Dodge: Dodged            |    15 |     8 ||    23

Table legend: (Time is in decaauts)
 A = Elapsed time spent in this place.
 B = Non-inter-level travel time spent in this place.
 C = Inter-level travel time spent in this place.
 D = Time resting spent in this place.
 E = Time spent auto-exploring this place.
 F = Levels seen in this place.
 G = Mean time per level.
                   A        B        C        D        E       F      G
               +--------+--------+--------+--------+--------+-----+--------+
         Total |   2938 |   2850 |     88 |   1082 |   1374 |   4 |  734.5 |
       Dungeon |   2938 |   2850 |     88 |   1082 |   1374 |   4 |  734.5 |
               +--------+--------+--------+--------+--------+-----+--------+

Top non-repeatable levels by time:
     D:3: 1222 daAuts
     D:1: 1155 daAuts
     D:2: 525 daAuts
     D:4: 34 daAuts
